AoeStats
← Gjallarhorn

Enclosed

506607133Analyzed
1v1 RM · 17d ago on Sep 14, 2026· 40m 12s· 2 players
Game mode
Random Map
Map size
Tiny (2 player)
Population
200
Speed
Normal
Resources
Standard
Victory
Conquest
Starting age
Dark Age
Ending age
Imperial Age
RankedLock teamsTeams togetherTeam positionsShared explorationLock speedFull tech treeHidden civsTurbo modeCheats
Victory
Defeat
🇦🇺 Persians · Australia
744
+16
🇩🇪 Persians · Germany
741
-16
Gjallarhorn
5:30 Loom
10:03 Feudal Age
10:42 Double-Bit Axe
15:48 Castle Age
15:46 Bloodlines
16:57 Horse Collar
17:23 Town Watch
18:07 Husbandry
19:37 Bow Saw
21:13 Wheelbarrow
21:56 Heavy Plow
23:49 Scale Barding Armor
25:40 Chain Barding Armor
26:58 Forging
26:40 Fletching
27:27 Stone Mining
29:05 Murder Holes
31:56 Bodkin Arrow
32:37 Iron Casting
34:37 Hand Cart
37:03 Ballistics
40:06 Imperial Age
39:53 Cavalier
41:11 Plate Barding Armor
Bazz
11:15 Feudal Age
12:04 Horse Collar
12:13 Double-Bit Axe
13:06 Wheelbarrow
23:20 Castle Age
24:19 Squires
23:39 Pikeman
28:22 Hand Cart
30:04 Scale Mail Armor
30:15 Forging
Connection lost

Rejoining the realm…

Still unreachable

The connection could not be restored.

Session expired

The server has moved on; the page needs a fresh start.